Cogmind - Beta 15 @@@ ROGUE MODE // 2025.06.12 @ 11:49:27 Player: Jammed Result: Destroyed by G-47 Trooper with Particle Gun Performance ------------- Evolutions (0) 0 Regions Visited (1) 200 Robots Destroyed (28) 140 Value Destroyed (604) 604 Prototype IDs (0) 0 Alien Tech Used (0) 0 Bonus (0) 0 TOTAL SCORE: 944 Bonus ------- None Cogmind --------- Core Integrity 0/250 Matter 285/300 Energy 122/125 System Corruption 0% Temperature Cool (96) Movement Rolling (135) Ox3 Location -10/Materials Parts ------- > --- POWER (1) -------- Light Ion Engine > --- PROPULSION (2) --- Wheel Compact Wheel > --- UTILITY (2) ------ Heat Sink Huge Storage Unit > --- WEAPON (2) ------- Beam Cannon > --- INVENTORY (25) --- Light Treads Light Treads Light Treads Light Treads Wheel Heat Sink Sensor Array Seismic Detector Transport Network Coupler Hacking Suite EM Pulse Gun Small Laser Small Laser Small Laser Light Assault Rifle Datajack Mining Laser Peak State ------------ > --- POWER ------------ Light Nuclear Core > --- PROPULSION ------- Wheel Compact Wheel > --- UTILITY ---------- Heat Sink Medium Storage Unit > --- WEAPON ----------- Particle Gun Assault Rifle > --- INVENTORY -------- Ion Engine Light Treads Light Treads Light Treads Light Treads Small Storage Unit Transport Network Coupler EM Pulse Gun Light Assault Rifle Mining Laser [Rating: 11] Favorites ----------- Power Light Ion Engine Engine Light Ion Engine Power Core Light Nuclear Core Propulsion Compact Wheel Leg Aluminum Leg Wheel Compact Wheel Utility Huge Storage Unit Device Heat Sink Storage Huge Storage Unit Weapon Beam Cannon Energy Gun Particle Gun Energy Cannon Beam Cannon Ballistic Gun Light Assault Rifle Build | -11 -10 ------- Run | Yrd Mat Slots Evolved . | . . Power . | . . Propulsion . | . . Utility . | . . Weapon . | . . Parts Attached 19 | 2 17 Power 4 | . 4 Engine 3 | . 3 Core 1 | . 1 Reactor . | . . Propulsion 4 | . 4 Treads . | . . Leg . | . . Wheel 4 | . 4 Hover . | . . Flight . | . . Utility 6 | 1 5 Device 4 | 1 3 Storage 2 | . 2 Processor . | . . Hackware . | . . Protection . | . . Artifact . | . . Weapon 5 | 1 4 Energy Gun 2 | . 2 Energy Cannon 1 | . 1 Ballistic Gun 2 | 1 1 Ballistic Cannon . | . . Launcher . | . . Special Weapon . | . . Impact Weapon . | . . Slashing Weapon . | . . Piercing Weapon . | . . Special Melee Weapon . | . . Unidentified Prototypes . | . . Parts Lost 8 | . 8 Power 1 | . 1 Propulsion 2 | . 2 Utility 2 | . 2 Weapon 3 | . 3 Highest Loss Streak 4 | . 4 To Critical Strikes . | . . Average Backups 10 | 6 10 Power . | 1 . Propulsion 4 | 4 4 Utility 2 | . 2 Weapon 3 | 1 3 Tool/Special . | . . Unused Backups 26 | . 26 Power 1 | . 1 Propulsion 7 | . 7 Utility 6 | . 6 Weapon 11 | . 11 Tool/Special 1 | . 1 Average Slot Usage (%) 85 | . 85 Engine 8 | . 8 Leg 1 | . 1 Wheel 22 | . 22 Device 10 | . 10 Storage 14 | . 14 Energy Gun 5 | . 5 Energy Cannon 7 | . 7 Ballistic Gun 12 | . 12 Peak Build Rating 11 | 7 11 Average Rating 7 | 6 7 On Entrance 6 | 6 7 Naked Turns . | . . Heaviest Build 91 | 12 91 Greatest Support 26 | 20 26 Greatest Overweight (x) 27 | . 27 Average Overweight (x) 2 | . 2 Largest Inventory Capacity 25 | 8 25 Average Capacity 20 | 8 20 Most Carried 21 | 7 21 Average Carried 10 | 6 10 Final Capacity 25 | 8 25 Final Carried 17 | 7 17 Class Distribution -------------------- 76% | Mutant 23% | Scavenger-Mutant Dominant Class ---------------- Mutant | -10/Materials Resources | -11 -10 ----------- Run | Yrd Mat Matter Collected 556 | 251 305 Remotely . | . . Salvage Created 1135 | 117 1018 Parts 51 | 7 44 Haulers Intercepted 1 | . 1 Recyclers Shooed 4 | 1 3 Parts Field Recycled . | . . Retrieved Matter . | . . Parts Self-Destructed . | . . Prevented . | . . Kills | -11 -10 ------- Run | Yrd Mat Combat Hostiles Destroyed 14 | . 14 Guns 11 | . 11 Cannons 3 | . 3 Classes Destroyed 10 | 2 8 Worker 2 | . 2 Tunneler 3 | 2 1 Hauler 1 | . 1 Recycler 4 | 1 3 Mechanic 1 | . 1 Operator 2 | . 2 Watcher 1 | . 1 Swarmer 1 | . 1 Grunt 12 | . 12 Subdweller 1 | . 1 Best Kill Streak 3 | 2 3 Combat Bots Only 2 | . 2 Max Kills in Single Turn 1 | 1 1 Gunslinging . | . . Exploded . | . . Melee . | . . Uniques/NPCs Destroyed . | . . Combat | -11 -10 -------- Run | Yrd Mat Hostile Shots Fired 88 | . 88 Missed 18 | . 18 Hits 70 | . 70 Projectile 70 | . 70 Critical Strikes 2 | . 2 Damage Taken 974 | . 974 Core 262 | . 262 Absorbed by Shields . | . . Core Remaining (%) 100 | 100 . Volleys Fired 99 | 10 89 Largest 2 | 2 2 Hottest 125 | 60 125 Shots Fired 183 | 20 163 Gun 148 | 20 128 Cannon 35 | . 35 Launcher . | . . Special . | . . Kinetic 91 | 17 74 Thermal 89 | . 89 Explosive . | . . Electromagnetic 3 | 3 . Robot Hit Streak 11 | 5 11 Robot Miss Streak 5 | 1 5 Penetration Max . | . . Secondary Targets . | . . Shots Hit Robots 119 | 13 106 Core Hits 48 | 4 44 Critical Kills . | . . Critical Parts Destroyed 2 | . 2 Critical Strikes 2 | . 2 Destroy 2 | . 2 Melee Attacks . | . . Impact . | . . Slashing . | . . Piercing . | . . Sneak Attacks . | . . Combat Hostiles . | . . Follow-up Attacks . | . . Damage Inflicted 1633 | 151 1482 Guns 1183 | 151 1032 Cannons 450 | . 450 Explosions . | . . Melee . | . . Ramming . | . . Kinetic 662 | 111 551 Thermal 931 | . 931 Explosive . | . . Electromagnetic 40 | 40 . Impact . | . . Slashing . | . . Piercing . | . . Highest Corruption . | . . Average Corruption . | . . Corruption Purged . | . . Corruption Blocked . | . . Overload Shots . | . . Overflow Damage 1 | . 1 Projectiles 1 | . 1 Explosions . | . . Melee . | . . Knockbacks . | . . Impact . | . . Kinetic . | . . Secondary . | . . Self-Inflicted Damage . | . . Shots . | . . Rammed . | . . Targets Rammed . | . . Kicked . | . . Crushed . | . . Highest Temperature 271 | 20 271 Average Temperature 57 | 15 59 Received Heat Transfer 462 | . 462 Siege Activations . | . . Martial Activations . | . . Shielding Activations . | . . Robots Disrupted . | . . Combat Hostiles . | . . Robots Corrupted . | . . Combat Hostiles . | . . Parts Fried . | . . Impact Corruptions . | . . Robots Melted . | . . Combat Hostiles . | . . Parts Melted . | . . Heat Transferred 2103 | . 2103 Parts Sabotaged . | . . Parts Stolen . | . . Parts Stripped . | . . Power Chain Reactions . | . . Alert | -11 -10 ------- Run | Yrd Mat Maximum Alert Level . | . . Low Security (%) 100 | 100 100 Level 1 . | . . Level 2 . | . . Level 3 . | . . Level 4 . | . . Level 5 . | . . High Security . | . . Max Security . | . . Peak Influence 71 | 5 71 Initial . | . . Average 20 | 1 21 Influence Increases 516 | 15 501 Destroy 0b10 Robot/C 260 | . 260 Destroy 0b10 Robot/NC 70 | 15 55 Destroy Leader 84 | . 84 Successful Hack 27 | . 27 Disable Machine 15 | . 15 Lose Combat Pursuer 60 | . 60 Influence Decreases 477 | 15 462 Time Decay 407 | 15 392 Lost Part 70 | . 70 Squads Dispatched 5 | . 5 Investigation 2 | . 2 Extermination . | . . Reinforcement 3 | . 3 Assault . | . . Garrison . | . . Intercept . | . . Searches Triggered . | . . Construction Impeded . | . . Haulers Reinforced . | . . Active Scanning Responses . | . . Cargo Convoy Interrupts . | . . Stealth | -11 -10 --------- Run | Yrd Mat Distress Signals 3 | . 3 Communications Jammed . | . . Distress Signals . | . . Times Spotted 33 | . 33 Peak Tracking Total 6 | . 6 Tactical Retreats 3 | . 3 Traps | -11 -10 ------- Run | Yrd Mat Traps Triggered 3 | . 3 Indirectly . | . . Trap Hack Attempts . | . . Triggered . | . . Disarmed . | . . Reprogrammed . | . . Reused . | . . Traps Extracted . | . . Installed . | . . Triggered . | . . Machines | -11 -10 ---------- Run | Yrd Mat Machines Disabled 1 | . 1 Max in Single Turn 1 | . 1 Machines Repaired . | . . Machines Dismantled . | . . Machines Sabotaged . | . . Overloaded Fab Kills . | . . Hacking | -11 -10 --------- Run | Yrd Mat Machines Accessed 7 | . 7 Terminals 5 | . 5 Fabricators . | . . Repair Stations . | . . Recycling Units 2 | . 2 Scanalyzers . | . . Garrison Access . | . . Total Hacks 20 | . 20 Successful 10 | . 10 Failed 10 | . 10 Catastrophic 1 | . 1 Database Lockouts . | . . Manual 16 | . 16 Terminals 16 | . 16 Fabricators . | . . Repair Stations . | . . Recycling Units 4 | . 4 Scanalyzers . | . . Garrison Access . | . . Terminal Hacks 2 | . 2 Part Schematic 1 | . 1 Terminal Index 1 | . 1 Fabricator Hacks . | . . Repair Station Hacks . | . . Recycling Unit Hacks . | . . Scanalyzer . | . . Garrison Access Hacks . | . . Unauthorized Hacks 8 | . 8 Terminals 6 | . 6 Botnet 1 | . 1 Skim 5 | . 5 Fabricators . | . . Repair Stations . | . . Recycling Units 2 | . 2 Reject 2 | . 2 Scanalyzers . | . . Garrison Access . | . . Data Cores Recovered . | . . Used . | . . Hacking Detections 7 | . 7 Full Trace Events . | . . Feedback Events . | . . Feedback Blocked . | . . Robot Schematics Acquired . | . . Robots Built . | . . Authchips . | . . Time . | . . Total Robot Build Rating . | . . Part Schematics Acquired 1 | . 1 Parts Built . | . . Authchips . | . . Time . | . . Total Part Build Rating . | . . Parts Repaired . | . . Time . | . . Parts Recycled . | . . Recycled Matter . | . . Retrieved Matter . | . . Retrieved Components . | . . Parts Scanalyzed . | . . Part Schematics Acquired . | . . Parts Damaged . | . . Bothacking | -11 -10 ------------ Run | Yrd Mat Used RIF Installer . | . . Robots Hacked . | . . Non-combat . | . . Combat . | . . Robot Hacks Applied . | . . Relay Couplers Released . | . . Fabnet Peak Effective % . | . . Robots Rewired . | . . Allies Hacked . | . . Hacks Repelled . | . . Allies | -11 -10 -------- Run | Yrd Mat Total Allies . | . . Largest Group . | . . Highest-Rated Group . | . . Highest-Rated Ally . | . . Total Orders . | . . Ally Attacks . | . . Total Damage . | . . Kills . | . . Allies Corrupted . | . . Allies Melted . | . . Intel | -11 -10 ------- Run | Yrd Mat Active Infowar (turns) 518 | 2 516 Seismic 518 | 2 516 Robot Analysis Total . | . . Derelict Logs Recovered . | . . Drone Launches . | . . Drone Recoveries . | . . Exploration | -11 -10 ------------- Run | Yrd Mat Turns Passed 1849 | 61 1788 Spaces Moved 942 | 21 921 Core 14 | . 14 Treads . | . . Legs 68 | 21 47 Wheels 860 | . 860 Hover . | . . Flight . | . . Fastest Speed 90 | 120 90 Average Speed 141 | 120 142 Slowest Speed 1400 | 120 1400 Overloaded Moves . | . . Propulsion Burnouts . | . . Robots Hopped . | . . Potential Cave-ins . | . . Cave-ins Triggered . | . . Exploration Rate (%) 50 | 4 97 Regions Visited 1 Branch Regions . Pre-discovered Areas 1 | . 1 Known Exits Taken . | . . Unknown Exits Taken 1 | 1 . Scrap Searched . | . . Spaces Dug . | . . Terrain Destroyed . | . . Melee . | . . Projectile . | . . AOE . | . . Terrain Rammed . | . . Walls Destroyed . | . . Machines Disabled . | . . Actions | -11 -10 --------- Run | Yrd Mat Total 1279 | 38 1241 Wait 186 | 5 181 Move 941 | 20 921 Hop . | . . Pick Up 20 | 1 19 Fast Attach 9 | 1 8 Attach 4 | . 4 Detach . | . . Swap 7 | 1 6 Drop 13 | . 13 Fire 99 | 10 89 Melee . | . . Ram . | . . Kick . | . . Crush . | . . Escape Stasis . | . . Rewire . | . . Trap . | . . Miscellaneous . | . . Route ------- -11/Scrapyard -10/Materials (discovered 4 exits: [*Mat x3] / [*Min]) History --------- Turn | Location | Event 17 | -11/Scrapyard | Discovered new exit (range 3) 62 | -11/Scrapyard | Entered Materials 284 | -10/Materials | Discovered new exit (range 15) 323 | -10/Materials | Build established: Mutant 562 | -10/Materials | Discovered new exit (range 16) 662 | -10/Materials | Derelicts attacked the area 836 | -10/Materials | Core integrity fell below 50% 876 | -10/Materials | Lost 4 parts (1p1n1u1w) 1130 | -10/Materials | Discovered new exit (range 16) 1566 | -10/Materials | Discovered new exit (range 13) 1644 | -10/Materials | Learned Storage garrison access intel 1709 | -10/Materials | Build established: Scavenger-Mutant 1756 | -10/Materials | Learned location of 1 exit from Storage 1821 | -10/Materials | Core integrity fell below 20% 1830 | -10/Materials | Learned location of 2 exits from Mines 1850 | -10/Materials | Destroyed by G-47 Trooper with Particle Gun Last Messages --------------- Skimming routine engaged. Thanks from A0-MCA. >>Schematic(Huge Storage Unit) Downloading schematic... Huge Storage Unit Rating: 1 Schematic downloaded. 01603_ Acquired Sml. Laser. 01610_ Dropped Lgt. Assault Rifle. 01644_ >> SKIM: Stored Storage garrison access intel. 01720_ R-06 Scavenger collects Sml. Laser. 01756_ >> SKIM: Stored Storage exits (x1). 01781_ K-01 Serf cleans the TF Node. 01798_ >> SKIM: Loading Materials emergency access points (x2)... 01824_ G-34 Mercenary destroyed. 01825_ K-01 Serf collects debris. 01830_ >> SKIM: Stored Mines exits (x2). 01832_ K-01 Serf collects debris. 01836_ Destroyed Lgt. Nuclear Core. 01844_ Lgt. Assault Rifle destroyed. 01850_ >> SKIM: World map updated: -8/Materials. Map ----- +----------------------------------------------------+ | | | | | | | | | | | | | | | | | | | | | | | | | | | | | ?????????????????????????????? | | ?????????????????????????????? | | ?????????????????????????????? | | ?????????????????????????????? | | ??????#####??????????????????? | | ?????##"""##?????????????????? | | ????##"|||"##????????????????? | | ????#"" ""#????????????????? | | ????# #????????????????? | | ????# < #????????????????? | | ????# #????????????????? | | ????#@ #????????????????? | | ????## ##????????????????# | | ?????##g% #############??????# | | ####### = # #??????# | | # """ # + """ """ #??????# | | # """ # # """ """ #??????# | | # """ # # """ """ +??????+ | | # # # #??????# | | #! # # "T" * #??????# | | # + # """ * #??????# | | # "T" # #############??????# | | ?###### ##?????????????????? | | ?????# #?????????######??? | | ?????# = #???????########### | | ?????# " #???????# | | ?????# #???????# | | ?????# #???????# %""" | | ?######## ##???????# """ | | # !# #????????# """ | | # """ # #????????# %! | | # """"" # ########## % | | ? """"" # | | ? """"" # " % | | # """ + " " %""" | | # # """ """ % % | +----------------------------------------------------+ Best States ------------- Heat Dissipation 35 Energy Generation 14 Energy Capacity 250 Matter Stores 300 Matter Capacity 300 Sight Range 16 Terrain Scan Density 10 Evasion (%) 55 Item Schematics ----------------- Huge Storage Unit | -10/Materials | Hacked Robot Schematics ------------------ None Fabricated ------------ Nothing Repaired ---------- Nothing Alien Tech Used ----------------- None Achievements -------------- None Challenges ------------ None Game ------ Seed ShadingFactoryKatana Manual? 0 Play Time 00:10:49 Cumulative 284.8 hours Start 2025.06.12 @ 11:39:33 End 2025.06.12 @ 11:49:27 Sessions 1 Manual Loads 0 Difficulty Rogue Special Mode None Game No. 179 Rogue 179 Adventurer 0 Explorer 0 Win Type - Total 2 Types 1/0/0/1/0/0/0/0/0/0 Lore% 81 Gallery% 64 Achievement% 62 Wizard Run 0 Options --------- Layout 0 ASCII 0 Keyboard 0 Movement Mouse Keybinds 0 Fullscreen 1 Font 18/SmallcapsGlow Map View 76x50 Zoom Use 0% Tactical HUD 1 Map Filters NONE Filters NONE Steam X RUN: 715838ca-29f9-4fe9-bce5-75fcfe406b2b